Map: Dragon Scales LE

Players

A.I. 1 (Very Easy) - Winner!

  • Race: Zerg Zerg
  • Spawn Location: 11:00

MapeTheApe

  • Race: Protoss Protoss
  • League: Grandmaster
  • Spawn Location: 5:00

VOD

Have the link to the VOD?

Description

Time

  • Played on: Jan. 25, 2023, 5:50 p.m.
  • Length: 6:31
Show
View Real Time Build Order
Export as new Build Order

A.I. 1 (Very Easy) Zerg - Winner!

Build Orders: Hatch First 

Get SALT Encoding   

  12  0:00  Drone  
  13  0:12  Overlord  
  13  0:16  Drone  
  14  0:42  Hatchery  
  13  0:45  Drone  
  14  1:05  Spawning Pool  
  14  1:06  Extractor  
  14  1:09  Drone  
  13  1:16  Drone  
  14  1:23  Overlord  
  14  1:52  Zergling x2  
  14  1:53  Queen  
  14  1:54  Zergling x2  
  18  2:03  Roach Warren  
  18  2:06  Drone  
  18  2:10  Extractor  
  18  2:14  Drone  
  18  2:19  Zergling x2  
  19  2:24  Drone  
  20  2:31  Drone  
  21  2:38  Drone  
  22  2:46  Drone  
  23  2:53  Drone  
  24  3:00  Drone  
  25  3:07  Drone, Roach  
  28  3:13  Overlord  
  28  3:18  Drone  
  29  3:25  Drone  
  30  3:32  Lair, Drone  
  31  3:45  Drone  
  32  3:52  Drone  
  32  3:55  Roach  
  35  3:59  Drone  
  33  4:07  Drone  
  31  4:14  Drone  
  32  4:21  Drone  
  33  4:28  Drone  
  33  4:30  Overseer  
  34  4:32  Overseer  
  34  4:35  Drone  
  35  4:42  Drone  
  35  4:43  Overlord, Ravager  
  35  4:44  Roach  
  39  4:50  Drone  
  40  4:57  Drone  
  41  5:04  Drone  
  42  5:11  Drone  
  37  5:18  Drone  
  38  5:25  Drone  
  39  5:32  Drone  
  40  5:40  Drone  
  41  5:45  Extractor  
  41  5:47  Drone  
  41  5:53  Extractor  
  41  5:54  Drone  
  41  6:01  Drone  
  42  6:08  Drone  
  43  6:15  Drone  
Show
View Real Time Build Order
Export as new Build Order

MapeTheApe Protoss 

Build Orders: 1 Gate Expand, Oracle Opening 

Get SALT Encoding   

  12  0:00  Probe  
  13  0:13  Probe  
  14  0:18  Pylon  
  14  0:25  Probe (Chrono Boost)  
  15  0:37  Probe (Chrono Boost)  
  15  0:42  Gateway  
  16  0:46  Probe (Chrono Boost)  
  17  0:50  Assimilator  
  17  0:52  Probe  
  19  1:04  Probe  
  19  1:16  Probe  
  20  1:26  Nexus  
  20  1:36  Cybernetics Core  
  20  1:38  Probe  
  21  1:44  Assimilator  
  21  1:50  Probe  
  22  1:54  Pylon  
  22  2:02  Probe (Chrono Boost)  
  23  2:10  Adept (Chrono Boost)  
  23  2:14  Probe (Chrono Boost)  
  26  2:20  Probe (Chrono Boost)  
  27  2:23  Stargate  
  28  2:30  Probe (Chrono Boost)  
  28  2:34  Adept  
  30  2:37  Warp Gate  
  30  2:39  Probe (Chrono Boost)  
  32  2:47  Probe (Chrono Boost)  
  32  2:48  Probe (Chrono Boost)  
  33  2:53  Probe x2 (Chrono Boost)  
  35  3:04  Oracle (Chrono Boost)  
  35  3:05  Probe x2  
  40  3:12  Gateway  
  40  3:17  Probe x2  
  42  3:24  Pylon  
  42  3:29  Probe x2  
  44  3:39  Oracle (Chrono Boost)  
  44  3:41  Probe  
  44  3:43  Nexus  
  44  3:45  Probe  
  49  3:52  Twilight Council  
  49  3:53  Probe  
  50  3:58  Pylon  
  50  4:03  Probe  
  50  4:07  Probe  
  52  4:11  Gateway  
  52  4:13  Gateway  
  52  4:15  Probe  
  53  4:20  Pylon, Probe  
  53  4:24  Resonating Glaives (Chrono Boost)  
  54  4:26  Adept  
  54  4:27  Adept  
  54  4:28  Probe  
  59  4:38  Probe  
  60  4:39  Pylon  
  60  4:40  Probe  
  61  4:51  Adept x2  
  61  4:52  Probe  
  66  4:55  Probe  
  66  4:56  Probe  
  68  5:04  Probe  
  69  5:08  Probe x2  
  69  5:12  Adept x3  
  69  5:13  Adept  
  79  5:15  Pylon  
  79  5:16  Shield Battery, Probe  
  79  5:20  Probe x2  
  82  5:27  Assimilator  
  83  5:28  Probe  
  83  5:32  Assimilator, Probe x2  
  83  5:33  Adept x4  
  93  5:40  Probe  
  94  5:44  Probe x2  
  96  5:50  Robotics Facility  
  96  5:52  Forge, Probe  
  96  5:56  Probe x2  
  99  6:00  Assimilator  
  99  6:01  Assimilator  
  99  6:04  Probe  
  99  6:07  Gateway  
  99  6:08  Gateway, Probe  
  101  6:12  Forge, Pylon  
  101  6:13  Pylon  
  101  6:15  Pylon  
  101  6:18  Gateway  
  101  6:26  Gateway  
  101  6:27  Gateway  
  101  6:29  Gateway  
Tags
 
Add a new tag
Caveats
  • Supply blocks, unpowered buildings, or Contaminate may cause inaccurate times.
  • Supply counts are checked every 10 seconds.